Map: Turbo Cruise '84 LE

Players

Nerchio - Winner!

  • Race: Zerg Zerg
  • Spawn Location: 3:00

ButAlways

  • Race: Protoss Protoss
  • Spawn Location: 7:00

Event: 2019 WCS Summer

VOD

Have the link to the VOD?

Description

Time

  • Played on: July 12, 2019, 2:14 p.m.
  • Length: 11:39

All games in this series

Show
View Real Time Build Order
Export as new Build Order

Nerchio Zerg - Winner!

Build Orders: Hatch First, Swarm Host 

Get SALT Encoding   

  12  0:00  Drone  
  13  0:12  Overlord  
  13  0:17  Drone  
  14  0:30  Drone x2  
  14  0:34  Drone  
  17  0:53  Hatchery  
  17  0:56  Drone  
  17  1:00  Drone  
  17  1:03  Extractor  
  17  1:15  Spawning Pool  
  16  1:20  Drone  
  16  1:23  Drone  
  18  1:27  Drone  
  19  1:37  Overlord  
  19  2:02  Zergling x2, Queen  
  19  2:03  Zergling x2, Metabolic Boost  
  19  2:05  Evolution Chamber  
  23  2:10  Zergling x2  
  24  2:26  Zergling x2  
  24  2:27  Hatchery  
  24  2:39  Roach Warren  
  23  2:44  Spine Crawler  
  23  2:45  Spine Crawler  
  21  2:55  Spine Crawler  
  20  3:00  Drone x2  
  20  3:01  Drone  
  23  3:13  Drone  
  23  3:14  Drone x2  
  26  3:23  Drone  
  27  3:27  Drone  
  29  3:41  Drone, Hatchery  
  30  3:44  Drone  
  30  3:48  Drone  
  30  3:53  Drone  
  32  3:59  Queen  
  34  4:03  Drone  
  34  4:05  Drone  
  36  4:10  Overlord  
  36  4:18  Spore Crawler  
  36  4:19  Drone  
  36  4:28  Spore Crawler  
  36  4:29  Drone x3  
  36  4:30  Drone  
  39  4:31  Drone  
  40  4:41  Queen  
  42  4:46  Queen  
  44  4:53  Overlord  
  44  4:54  Drone x3  
  44  4:56  Drone  
  44  4:57  Drone  
  49  5:09  Spore Crawler  
  49  5:10  Drone x2  
  50  5:17  Drone x2  
  50  5:18  Drone x3  
  50  5:19  Queen  
  57  5:26  Overlord x2  
  57  5:27  Overlord  
  57  5:30  Spore Crawler  
  56  5:44  Queen  
  56  5:45  Queen  
  56  5:46  Drone x5  
  56  5:49  Drone x3  
  66  5:51  Drone  
  67  6:00  Drone  
  67  6:01  Drone x3, Roach Warren  
  70  6:06  Lair  
  70  6:07  Extractor  
  70  6:09  Extractor  
  68  6:17  Zergling x8  
  69  6:20  Drone x2  
  69  6:21  Drone x2  
  69  6:24  Drone  
  69  6:25  Drone x3  
  72  6:30  Overlord  
  72  6:31  Overlord  
  73  6:38  Extractor  
  72  6:45  Queen, Evolution Chamber  
  73  6:53  Roach  
  73  6:54  Roach x5  
  85  7:00  Overlord  
  85  7:06  Infestation Pit  
  85  7:07  Glial Reconstitution  
  84  7:09  Queen  
  84  7:10  Queen  
  84  7:14  Drone x2  
  88  7:18  Overlord  
  88  7:19  Overlord  
  87  7:27  Overseer  
  87  7:28  Zerg Missile Weapons Level 1  
  87  7:33  Queen  
  85  7:45  Queen  
  85  7:46  Queen  
  85  7:56  Swarm Host x5  
  85  7:58  Swarm Host  
  100  8:03  Swarm Host  
  100  8:04  Swarm Host  
  109  8:08  Queen  
  109  8:11  Overlord x2  
  111  8:14  Extractor  
  111  8:16  Spore Crawler  
  111  8:18  Overlord  
  111  8:19  Overlord  
  109  8:31  Queen  
  109  8:32  Drone  
  109  8:33  Drone  
  113  8:36  Drone x2  
  113  8:38  Spore Crawler x2  
  113  8:40  Spore Crawler  
  112  8:48  Swarm Host x4  
  123  8:56  Drone x4  
  123  8:58  Drone  
  123  9:00  Drone  
  127  9:04  Drone x3  
  127  9:11  Drone x4  
  127  9:12  Drone  
  132  9:18  Drone  
  132  9:19  Drone  
  132  9:22  Zerg Missile Weapons Level 2  
  134  9:24  Extractor  
  133  9:35  Queen x2  
  133  9:38  Overlord  
  137  9:39  Overlord  
  137  9:42  Overlord  
  137  10:04  Drone x3  
  140  10:14  Queen x3  
  146  10:23  Overlord  
  146  10:24  Overlord  
  146  10:26  Spore Crawler x2  
  146  10:27  Spore Crawler x2  
  142  10:28  Spore Crawler  
  141  10:39  Roach x6  
  153  10:55  Roach x7  
  165  11:01  Roach  
  165  11:02  Roach  
Show
View Real Time Build Order
Export as new Build Order

ButAlways Protoss 

Build Orders: Oracle Opening 

Get SALT Encoding   

  12  0:01  Probe  
  13  0:13  Probe  
  14  0:20  Pylon  
  14  0:25  Probe  
  15  0:34  Probe  
  15  0:38  Gateway  
  15  0:42  Probe  
  17  0:51  Assimilator  
  17  0:52  Probe  
  18  1:04  Probe  
  18  1:09  Pylon  
  19  1:13  Forge  
  19  1:16  Zealot  
  21  1:29  Cybernetics Core  
  21  1:36  Pylon  
  21  1:38  Probe  
  22  1:49  Pylon  
  22  1:51  Probe  
  23  2:00  Stalker  
  23  2:04  Photon Cannon  
  25  2:16  Photon Cannon  
  25  2:26  Photon Cannon  
  25  2:36  Robotics Facility  
  25  2:47  Photon Cannon  
  25  2:48  Shield Battery  
  24  2:54  Probe, Warp Gate  
  25  3:21  Nexus  
  25  3:22  Probe  
  25  3:24  Stargate  
  26  3:29  Assimilator  
  26  3:35  Shield Battery  
  26  3:39  Probe  
  27  3:45  Adept  
  29  3:51  Probe  
  30  3:56  Pylon  
  30  3:58  Oracle  
  30  4:03  Probe  
  31  4:15  Probe  
  35  4:27  Probe  
  35  4:31  Pylon  
  36  4:33  Oracle  
  36  4:39  Probe  
  36  4:40  Probe  
  41  4:47  Probe  
  41  4:52  Probe  
  43  4:57  Probe  
  44  5:02  Oracle  
  44  5:04  Probe  
  45  5:09  Probe  
  49  5:16  Probe  
  49  5:18  Assimilator  
  49  5:21  Probe  
  51  5:22  Assimilator  
  51  5:25  Adept  
  51  5:28  Probe  
  54  5:31  Pylon  
  54  5:33  Probe  
  55  5:40  Probe  
  56  5:43  Probe  
  56  5:46  Oracle  
  56  5:48  Adept  
  62  5:51  Probe  
  62  5:52  Probe  
  64  5:59  Probe  
  64  6:02  Stargate  
  65  6:04  Probe  
  65  6:05  Pylon  
  66  6:11  Probe  
  66  6:16  Probe  
  66  6:17  Adept  
  70  6:21  Oracle  
  70  6:23  Probe  
  70  6:28  Probe  
  71  6:33  Nexus  
  71  6:36  Probe  
  72  6:42  Oracle  
  72  6:44  Photon Cannon  
  72  6:45  Pylon  
  72  6:49  Adept  
  77  6:56  Oracle  
  77  6:58  Pylon  
  77  7:01  Pylon  
  77  7:07  Probe  
  82  7:08  Probe  
  82  7:19  Probe  
  82  7:20  Photon Cannon  
  82  7:21  Oracle, Pylon  
  82  7:23  Probe  
  83  7:31  Probe, Oracle  
  83  7:33  Stargate  
  83  7:35  Probe  
  75  7:52  Probe  
  75  7:53  Probe  
  75  7:54  Probe  
  75  7:56  Oracle  
  75  7:58  Assimilator  
  75  8:00  Adept  
  75  8:04  Probe  
  81  8:06  Probe x2, Pylon  
  81  8:08  Oracle  
  86  8:16  Probe, Pylon  
  86  8:18  Probe x2  
  86  8:19  Assimilator  
  89  8:24  Adept  
  94  8:30  Twilight Council  
  97  8:40  Photon Cannon  
  97  8:41  Photon Cannon  
  97  8:42  Pylon  
  97  8:47  Phoenix x3  
  97  8:56  Shield Battery  
  97  9:01  Shield Battery  
  97  9:03  Pylon  
  97  9:04  Phoenix x2  
  93  9:12  Phoenix  
  93  9:13  Charge  
  93  9:16  Gateway  
  97  9:19  Gateway  
  97  9:20  Phoenix, Gateway  
  97  9:26  Shield Battery  
  99  9:32  Gateway  
  99  9:34  Pylon  
  99  9:36  Phoenix  
  101  9:42  Phoenix  
  103  9:47  Gateway  
  103  9:52  Pylon  
  103  9:54  Phoenix  
  103  9:55  Phoenix  
  103  9:56  Zealot  
  105  10:05  Shield Battery  
  105  10:07  Phoenix  
  109  10:13  Shield Battery  
  109  10:14  Shield Battery  
  109  10:15  Phoenix  
  109  10:16  Phoenix  
  109  10:20  Zealot  
  115  10:32  Zealot x4  
  119  10:37  Phoenix  
  119  10:39  Phoenix  
  119  10:40  Phoenix  
  119  10:41  Zealot  
  127  10:55  Zealot x3, Oracle  
  127  10:56  Zealot x2  
  137  11:02  Zealot  
  137  11:16  Zealot x2  
  137  11:17  Zealot x2  
  148  11:30  Zealot  
Tags
 
Add a new tag
Caveats
  • Supply blocks, unpowered buildings, or Contaminate may cause inaccurate times.
  • Supply counts are checked every 10 seconds.